 Dungeon Crawl Stone Soup version 0.30-a0-743-gbfdf073431 (webtiles) character file.

Game seed: 1075438895321618801

1094 tilp the Slasher (level 8, 0/66 (68) HPs)
             Began as a Meteoran Fighter on Feb 6, 2023.
             Was an Initiate of Okawaru.
             Slain by a wight
             ... wielding a +0 hand axe
              (5 damage)
             ... on level 6 of the Dungeon.
             The game lasted 00:09:50 (1776 turns).

tilp the Slasher (Meteoran Fighter)                 Turns: 1776, Time: 00:09:50

HP:   0/66 (68)     AC:  9    Str: 17    XL:     8   Next: 87%
MP:   10/10         EV: 11    Int: 11    God:    Okawaru [......]
Gold: 269           SH:  6    Dex: 15    Spells: 7/7 levels left

rFire   . . .      SeeInvis +    a - +0 long sword
rCold   . . .      Faith    .    c - +1 buckler
rNeg    . . .      Spirit   .    k - +0 scale mail
rPois   +          Reflect  .    r - +1 helmet
rElec   .          Harm     .    (no cloak)
rCorr   .          Rampage  .    (no gloves)
Will    +....                    (no boots)
Stlth   +                        (no amulet)
HPRegen 0.31/turn                h - ring of see invisible
MPRegen 0.12/turn                q - ring of poison resistance

@: glowing, lightly drained
A: sense surroundings 1, otherworldly, glowing, explore regen
a: Renounce Religion


You were on level 6 of the Dungeon.
You worshipped Okawaru.
Okawaru was noncommittal.
You visited 2 branches of the dungeon, and saw 8 of its levels.

You collected 269 gold pieces.

Inventory:

Hand Weapons
 a - a +0 long sword (weapon)
 b - a +2 dagger of draining
 m - a +0 long sword
Missiles
 i - a curare-tipped dart
 j - 4 boomerangs
 n - 6 poisoned darts (quivered)
Armour
 c - a +1 buckler (worn)
 k - a +0 scale mail (worn)
 r - a +1 helmet (worn)
Jewellery
 h - a ring of see invisible (left hand)
 q - a ring of poison resistance (right hand)
Scrolls
 e - 2 scrolls of fear
Potions
 d - a potion of might
 f - a potion of berserk rage
 g - 2 potions of mutation
 l - a potion of haste {unknown}
 o - a potion of curing
 p - 2 potions of heal wounds
 t - a potion of ambrosia {unknown}


   Skills:
 * Level 5.1 Fighting
 * Level 6.8 Long Blades
 - Level 2.0 Throwing
 + Level 4.6 Armour
 + Level 4.6 Dodging
 * Level 3.0 Stealth
 - Level 4.0 Shields
 * Level 2.5 Invocations


You had 7 spell levels left.
You didn't know any spells.
Your spell library was empty.

Dungeon Overview and Level Annotations

Branches:
Dungeon (7/15) Zot: 2444   Temple (1/1) D:4 Zot: 513

Altars:
Ashenzari
Dithmenos
Elyvilon
Fedhas
Makhleb
Okawaru
Qazlal
Ru
Trog
Uskayaw
Vehumet
Yredelemnul
The Shining One


Innate Abilities, Weirdness & Mutations

You passively map a small area around you.
You are easily found by Zot.
You glow in the dark.
You regain HP and MP as you explore.


Message History

The wight is moderately damaged.
The wight hits you with a +3 halberd!
You closely miss the wight.
The wight is moderately damaged.
The wight hits you with a +3 halberd.
You feel drained.
You hit the wight.
The wight is heavily damaged.
The wight closely misses you.
You hit the wight but do no damage.
The wight is heavily damaged.
The wight hits you with a +3 halberd.
You feel drained.
You completely miss the wight.
The wight is heavily damaged.
The wight hits you with a +3 halberd!
* * * LOW HITPOINT WARNING * * *
You hit the wight.
The wight is heavily damaged.
The wight hits you with a +3 halberd.
* * * LOW HITPOINT WARNING * * *
You feel drained.
Okay, then.
You hit the wight.
The wight is almost destroyed.
The wight hits you with a +3 halberd.
* * * LOW HITPOINT WARNING * * *
You feel drained.
* * * LOW HITPOINT WARNING * * *
The wight hits you with a +3 halberd!
* * * LOW HITPOINT WARNING * * *
You barely miss the wight.
The wight is almost destroyed.
The wight hits you but does no damage.
You hit the wight.
You destroy the wight!
Okawaru accepts your kill.
Your Stealth skill increases to level 3!
You slash the wight!
The wight is heavily damaged.
The wight hits you with a +0 hand axe.
You die...

, #.......... , *
#......... ~
#........., , *
#........###### , *
#=.......#..).# ..# *
*, #........#....#.....
* ,
.........#....#....##
** , #.##............
.# #@##............
...####z##............
,,
.........†............
.#.....>.#............*
.#.####†##...)........
,........##............
~
.#.......#####........
#.......# #.$......
#.......# #........


You could see a wight.

Vanquished Creatures
  Grinder (D:3)
  Sigmund (D:3)
  A black bear (D:6)
  A centaur (D:7)
  A kobold brigand (D:7)
  A bullfrog (D:7)
  A necrophage (D:6)
  2 wights (D:6)
  3 iguanas
  Natasha (twice) (D:3)
  3 adders
  3 gnolls (D:2)
  3 worms (D:4)
  11 dart slugs
  9 orcs
  3 bats
  4 endoplasms
  4 giant cockroaches
  6 goblins
  3 hobgoblins
  6 kobolds
  A quokka (D:2)
  2 ball pythons (D:2)
  2 frilled lizards
74 creatures vanquished.

Notes
Turn   | Place    | Note
-------+----------+-------------------------------------------
     0 | D:1      | tilp the Meteoran Fighter began the quest for the Orb.
     0 | D:1      | Reached XP level 1. HP: 19/19 MP: 2/2
    87 | D:1      | Reached XP level 2. HP: 26/26 MP: 3/3
   174 | D:2      | Reached skill level 1 in Dodging
   174 | D:2      | Reached XP level 3. HP: 30/31 MP: 4/4
   202 | D:2      | Reached skill level 3 in Long Blades
   241 | D:2      | Reached XP level 4. HP: 38/38 MP: 5/5
   255 | D:2      | Reached skill level 1 in Stealth
   282 | D:3      | Noticed Grinder
   374 | D:3      | Noticed Sigmund
   433 | D:2      | Reached XP level 5. HP: 34/45 MP: 6/6
   698 | D:3      | Killed Sigmund
   699 | D:3      | Reached skill level 4 in Long Blades
   699 | D:3      | Reached XP level 6. HP: 33/52 MP: 7/7
   737 | D:3      | Killed Grinder
   738 | D:3      | Reached skill level 6 in Long Blades
   738 | D:3      | Reached XP level 7. HP: 46/59 MP: 8/8
   867 | D:4      | Found a staircase to the Ecumenical Temple.
   988 | D:4      | Found a stormy altar of Qazlal.
  1041 | Temple   | Entered the Ecumenical Temple
  1086 | Temple   | Became a worshipper of Warmaster Okawaru
  1195 | D:3      | Noticed Natasha
  1204 | D:3      | Killed Natasha
  1210 | D:3      | Noticed Natasha
  1217 | D:3      | Killed Natasha
  1262 | D:3      | Found a blossoming altar of Fedhas.
  1447 | D:4      | Reached XP level 8. HP: 67/67 MP: 9/9
  1523 | D:4      | Found a broken altar of Ashenzari.
  1573 | D:5      | Entered Level 5 of the Dungeon
  1638 | D:6      | Reached skill level 1 in Throwing
  1699 | D:7      | Reached skill level 1 in Invocations
  1730 | D:6      | Reached * piety under Okawaru
  1761 | D:6      | Reached skill level 5 in Fighting
  1776 | D:6      | Slain by a wight

Illustrated notes

Levels and vault maps discovered:
D:1:      lemuel_arrival_funnel, layout_loops_corners, serial_shops, shop,
          minmay_misc_feat_iff, kennysheep_decorative_pillar
D:2:      layout_loops_ring, uniq_terence
D:3:      kennysheep_slugbush, layout_rooms, fedhas_altar_4, uniq_grinder,
          uniq_sigmund, uniq_natasha
D:4:      layout_loops_cross, marbit_many_paths, evilmike_ruin_ashenzari,
          nicolae_overflow_two_pavilions, minmay_temple_entry_ruins
D:5:      layout_cave_pools, nicolae_hepliaklqana_ecumenical_no_more,
          serial_shops, nicolae_shop_bloodbath_and_beyond
D:6:      layout_basic, serial_shops, shop_statue, nicolae_water_bricks,
          kennysheep_generic_room_6, uniq_pikel
D:7:      layout_cave_pools, tgw_sif, general_overflow_altar, uniq_maggie,
          uniq_crazy_yiuf_cottage
Temple:   jpeg_temple_alley_garden

Skill      XL: |  1  2  3  4  5  6  7  8 |
---------------+-------------------------+-----
Dodging        | 1 2 3 4 |  4.6
Long Blades    | 3 4 6 |  6.8
Stealth        | 1 2 3 |  3.0
Fighting       | 4 5 |  5.1
Armour         | 4 |  4.6
Shields        | 4 |  4.0
Throwing       | 2 |  2.0
Invocations    | 2 |  2.5

Action                     |  1- 3 |  4- 6 |  7- 9 || total
---------------------------+-------+-------+-------++-------
  Melee: Long sword        |    55 |    91 |   173 ||   319
  Throw: Dart              |       |       |     2 ||     2
 Invoke: Heroism           |       |       |     1 ||     1
    Use: Scroll            |     1 |     6 |     6 ||    13
         Potion            |       |     1 |     1 ||     2
 Armour: Scale mail        |    28 |    47 |    69 ||   144
  Dodge: Dodged            |    21 |    40 |    64 ||   125
  Block: Buckler           |    14 |    33 |    56 ||   103

Table legend: (Time is in decaauts)
 A = Elapsed time spent in this place.
 B = Non-inter-level travel time spent in this place.
 C = Inter-level travel time spent in this place.
 D = Time resting spent in this place.
 E = Time spent auto-exploring this place.
 F = Levels seen in this place.
 G = Mean time per level.
                   A        B        C        D        E       F      G
               +--------+--------+--------+--------+--------+-----+--------+
         Total |   1841 |   1687 |    154 |      0 |      0 |   8 |  230.1 |
       Dungeon |   1754 |   1641 |    113 |      0 |      0 |   7 |  250.6 |
        Temple |     86 |     45 |     41 |      0 |      0 |   1 |   86.0 |
               +--------+--------+--------+--------+--------+-----+--------+

Top non-repeatable levels by time:
     D:3: 480 daAuts
     D:4: 454 daAuts
     D:2: 445 daAuts
     D:1: 166 daAuts
     D:6: 102 daAuts
  Temple: 86 daAuts
     D:7: 60 daAuts
     D:5: 44 daAuts
